 Dungeon Crawl Stone Soup version 0.13.0-26-gf7ffa3a (webtiles) character file.

3046 M4edhros the Covert (level 9, -6/58 HPs)
             Began as an Octopode Artificer on Oct 31, 2013.
             Was a Follower of Fedhas.
             Killed from afar by Erolcha (22 damage)
             ... with an orb of energy
             ... on Level 8 of the Dungeon.
             The game lasted 00:18:00 (7263 turns).

M4edhros the Covert (Octopode Artificer)            Turns: 7263, Time: 00:18:00

HP  -6/58        AC  1     Str 11      XL: 9   Next: 69%
MP  15/15        EV 12     Int 17      God: Fedhas [*.....]
Gold 279         SH  0     Dex 16      Spells:  1 memorised,  6 levels left

Res.Fire  : . . .   See Invis. : .   l - +9,+4 great mace of the New World {crush, rPois Stlth++}
Res.Cold  : . . .   Warding    : .   (no shield)
Life Prot.: . . .   Conserve   : .   (helmet restricted)
Res.Poison: +       Res.Corr.  : .   b - cursed amulet of clarity
Res.Elec. : .       Clarity    : +   z - ring of poison resistance
Sust.Abil.: . .     Spirit.Shd : .   t - +4 ring of dexterity
Res.Mut.  : .       Stasis     : .   G - ring of flight
Res.Rott. : .       Flight     : .   F - ring of teleport control
Saprovore : . . .                    (no ring)
                                     (no ring)
                                     (no ring)
                                     (no ring)

@: very slightly contaminated, hasted, drained, very quick, slightly resistant
to hostile enchantments, extraordinarily stealthy
A: almost no armour, amphibious, 8 rings, constrict 8, camouflage 1, fast
metabolism 1, AC +1
a: Evolution, Renounce Religion, Evoke Flight, Evoke Teleport Control


You were on level 8 of the Dungeon.
You worshipped Fedhas.
Fedhas was aware of your devotion.
You were hungry.

You visited 2 branches of the dungeon, and saw 9 of its levels.

You collected 259 gold pieces.

Inventory:

Hand weapons
 l - the +9,+4 great mace of the New World (weapon) {crush, rPois Stlth++}
   (You found it on level 4 of the Dungeon)

   It inflicts extra damage upon your enemies.
   It protects you from poison.
   It makes you much more stealthy.
Magical devices
 c - a wand of enslavement (9)
 d - a wand of random effects (4)
 g - a wand of fire (2)
 p - a wand of draining (1)
 s - a wand of hasting (5)
 u - a wand of digging (1)
 I - a wand of lightning (7)
Comestibles
 f - 4 bread rations
 m - a pear
 n - a rotting chunk of hound flesh
 r - a choko
 A - a meat ration
Scrolls
 a - 3 scrolls of teleportation
 j - 5 scrolls of remove curse
 y - a scroll of enchant weapon I {unknown}
 E - a scroll of enchant weapon II {unknown}
Jewellery
 b - a cursed amulet of clarity (around mantle)
 e - an uncursed amulet of stasis
 t - a +4 ring of dexterity (right tentacle)
 z - a ring of poison resistance (left tentacle)
 F - a ring of teleport control (on tentacle)
 G - a ring of flight (on tentacle)
Potions
 h - 2 potions of agility {unknown}
 i - a potion of paralysis {unknown}
 o - a potion of resistance {unknown}
 v - 2 potions of heal wounds {unknown}
 w - 2 potions of slowing {unknown}
 x - a potion of poison {unknown}
 B - a potion of degeneration {unknown}
 D - a potion of magic {unknown}
Books
 q - a book of the Warp

   Spells                             Type                      Level
   *Recall                            Summoning/Translocation      3
   Control Teleport                   Charms/Translocation         4
   Phase Shift                        Translocation                5
   Warp Weapon                        Charms/Translocation         5
   Dispersal                          Translocation                6
   Controlled Blink                   Translocation                7
   Disjunction                        Translocation                8


   Skills:
 + Level 4.9(4.6) Fighting
   Level 1.0(0.7) Short Blades
 * Level 7.0(6.7) Maces & Flails
 - Level 2.0(1.7) Dodging
 * Level 12.4(12.1) Stealth
 + Level 0.5(0.2) Spellcasting
 + Level 0.4(0.1) Summonings
 + Level 0.0 Translocations
 * Level 2.1(1.8) Invocations
 * Level 4.3(4.0) Evocations


You had 6 spell levels left.
You knew the following spells:

 Your Spells              Type           Power        Failure   Level  Hunger
a - Recall                Summ/Tloc      N/A          73%         3    ####...


Dungeon Overview and Level Annotations

Branches:
Dungeon (8/27)             Temple (1/1) D:6             Orc (0/4) D:7
   Lair: D:8-13

Altars:
Ashenzari
Cheibriados
Elyvilon
Fedhas
Kikubaaqudgha
Makhleb
Nemelex Xobeh
Okawaru
Sif Muna
Trog
Vehumet
Xom
Yredelemnul
Zin
the Shining One

Annotations:
D:8 Erolcha


Innate Abilities, Weirdness & Mutations

You cannot wear most types of armour.
You are amphibious.
You can wear up to eight rings at the same time.
You can use your tentacles to constrict many enemies at once.
Your skin changes colour to match your surroundings (Stlth).
Your rubbery body absorbs attacks (AC +1).
You have a fast metabolism.


Message History

The jackal closely misses you.
Unknown command.
You hit the jackal.
You kill the jackal!
You hear a zap.
The puff of frost hits you!
* * * LOW HITPOINT WARNING * * *
Drink which item? (? for menu, Esc to quit)
You feel better.
Read which item? (? for menu, Esc to quit)
Okay, then.
Casting: Recall
Confirm with . or Enter, or press ? or * to list all spells.
Okay, then.
Drink which item? (? for menu, Esc to quit)
Okay, then.
You hear some strange, mumbled words.
The orb of energy hits you!
You die...
Fedhas appreciates your contribution to the ecosystem.

###################
#................>..
#...................
#....@.....(........
#.....)........<.....
#........<%......!...
#........f...%.......
#...........f)%.......
#.(...........).......
#...........%.f.......
#.....................
#.....................


You could see 2 friendly wandering mushrooms.

Vanquished Creatures
  Prince Ribbit (D:5)
  A hippogriff (D:7)
  Menkaure (D:4)
  2 ogres (D:4)
  An orc warrior (D:6)
  A phantom (D:7)
  2 centaurs (D:6)
  The ghost of M4edhros the Sneak, an average OpAr (D:4)
  7 giant frogs
  A wight (D:8)
  3 goliath beetles
  3 crimson imps
  A centaur skeleton (D:5)
  A centaur zombie (D:6)
  3 orc priests
  2 hounds
  3 jellies
  A water moccasin skeleton (D:7)
  3 orc wizards
  2 scorpions
  6 worker ants
  3 iguanas
  8 adders
  A giant mite (D:4)
  3 worms
  An adder skeleton (D:5)
  A giant eyeball (D:4)
  8 giant geckos
  3 oozes
  19 orcs
  A bat skeleton (D:6)
  10 giant cockroaches
  18 hobgoblins
  11 jackals
  3 quokkas
  12 bats
  4 giant newts
  9 goblins
  A goblin skeleton (D:4)
  21 kobolds
  An orc skeleton (D:4)
  12 rats
196 creatures vanquished.

Vanquished Creatures (collateral kills)
  An ogre (D:7)
  2 wargs (D:7)
  A goliath beetle (D:7)
  2 wights (D:8)
  An adder (D:4)
  A worm (D:5)
  A quokka (D:8)
  A bat (D:8)
  2 giant geckos
  A giant newt (D:5)
13 creatures vanquished.

Vanquished Creatures (others)
  A wandering mushroom (D:7)
  A giant spore (D:7)
  39 toadstools
41 creatures vanquished.

Grand Total: 250 creatures vanquished

Notes
Turn   | Place    | Note
--------------------------------------------------------------
     0 | D:1      | M4edhros, the Octopode Artificer, began the quest for the Orb.
     0 | D:1      | Reached XP level 1. HP: 14/14 MP: 1/1
   104 | D:1      | Reached XP level 2. HP: 12/19 MP: 3/3
   583 | D:2      | Reached skill level 4 in Stealth
   583 | D:2      | Reached XP level 3. HP: 13/24 MP: 4/4
  1028 | D:4      | Reached skill level 5 in Stealth
  1055 | D:4      | Gained mutation: You have a fast metabolism. [mutagenic glow]
  1166 | D:4      | Reached XP level 4. HP: 4/29 MP: 6/6
  1426 | D:4      | Reached skill level 6 in Stealth
  1475 | D:4      | Noticed an ogre
  1484 | D:4      | Killed an ogre
  1484 | D:4      | Reached skill level 7 in Stealth
  1484 | D:4      | Reached XP level 5. HP: 29/34 MP: 7/7
  1487 | D:4      | Reached skill level 8 in Stealth
  1489 | D:4      | Paralysed by a giant eyeball for 4 turns
  1496 | D:4      | Paralysed by a giant eyeball for 4 turns
  1610 | D:4      | Reached XP level 6. HP: 26/39 MP: 9/9
  1860 | D:4      | Got a crude great mace
  1872 | D:4      | Identified the great mace of the New World {crush, rPois Stlth++} (You found it on level 4 of the Dungeon)
  2055 | D:4      | Noticed Menkaure
  2061 | D:4      | Killed Menkaure
  2098 | D:4      | Noticed an ogre
  2132 | D:4      | an ogre (ally) was killed
  2161 | D:4      | Noticed M4edhros' ghost (average OpAr)
  2167 | D:4      | Killed M4edhros' ghost
  2167 | D:4      | Reached skill level 9 in Stealth
  2167 | D:4      | Reached XP level 7. HP: 18/45 MP: 10/10
  2377 | D:5      | Entered Level 5 of the Dungeon
  2427 | D:5      | Noticed Prince Ribbit
  2430 | D:5      | Killed Prince Ribbit
  2679 | D:5      | Reached XP level 8. HP: 19/52 MP: 12/12
  2957 | D:5      | Found a radiant altar of Vehumet.
  3016 | D:5      | Reached skill level 10 in Stealth
  3422 | D:6      | Reached skill level 5 in Maces & Flails
  3511 | D:6      | Found a staircase to the Ecumenical Temple.
  3533 | Temple   | Entered the Ecumenical Temple
  3712 | D:6      | Reached skill level 11 in Stealth
  3995 | D:6      | Found a blossoming altar of Fedhas.
  4022 | D:6      | Became a worshipper of Fedhas Madash
  4316 | D:6      | Reached XP level 9. HP: 17/57 MP: 13/13
  4757 | D:2      | Found a basalt altar of Yredelemnul.
  4757 | D:2      | Found a shattered altar of Ashenzari.
  4890 | D:2      | Acquired Fedhas' first power
  5879 | D:6      | Reached skill level 12 in Stealth
  5879 | D:6      | Reached skill level 1 in Invocations
  6258 | D:7      | Found a staircase to the Orcish Mines.
  7165 | D:7      | Learned a level 3 spell: Recall
  7170 | D:8      | Noticed Erolcha
  7263 | D:8      | Killed from afar by Erolcha

Action                   |  1- 3 |  4- 6 |  7- 9 || total
-------------------------+-------+-------+-------++-------
Melee: Short sword       |    78 |    37 |       ||   115
       Great mace        |       |    12 |   212 ||   224
Invok: Evolution         |       |       |     4 ||     4
Evoke: Wand              |     4 |    21 |    17 ||    42
  Use: Potion            |     5 |     1 |     6 ||    12
       Scroll            |       |     1 |    15 ||    16
 Stab: Sleeping          |     5 |     5 |    57 ||    67
       Invisible         |     1 |       |       ||     1
       Paralysed         |       |     1 |       ||     1
       Distracted        |       |       |     4 ||     4
